Unix NetHack Version 3.7.0-71 Work-in-progress - last build Jan 31 2023 02:41:03 (7ba98a1283f2b7cec35fde026edb48fc825ab8ae,branch:master). Game began 2023-02-04 14:27:39, ended 2023-02-04 15:22:21. stenno, lawful female dwarven Archeologist -- ---- -- . -... |. -. |... .. -. ..{. -.. ..#@.. | ---... .... |....... -...- |........--- |...| -......<| +...| -------.------------...| |................| -- ---------......).| .| |.-----..| .| |.| |..| .. ---- | |.| +.h--|-- ......| |.| |..q.............| |.| |...d.@..........| --- ------------------ Stenno the Field Worker St:13 Dx:9 Co:15 In:16 Wi:16 Ch:7 Lawful Dlvl:7 $:0 HP:0(37) Pw:17(17) AC:9 Exp:4 T:1797 Latest messages: The giant ant bites! You miss the giant ant. Dude... misses the giant ant. The giant ant bites! Dude... misses the giant ant. You miss the giant ant. Dude... misses the giant ant. The giant ant bites! You miss the giant ant. Dude... misses the giant ant. The giant ant bites! You miss the giant ant. Dude... misses the giant ant. The giant ant bites! You lash the giant ant. You lash the giant ant. Dude... misses the giant ant. The giant ant bites! The giant ant bites! Your candle's flame flickers low! You miss the giant ant. Dude... bites the giant ant. The giant ant bites Dude.... The giant ant bites! The giant ant bites! You kill the giant ant! You hear a door open. Dude... bites the gnome. The gnome is killed! You hear a door open. e - 14 arrows. Dude... misses the rothe. You miss the rothe. Dude... misses the rothe. Dude... bites the rothe. The rothe hits Dude.... The rothe misses Dude.... The rothe misses Dude.... You lash the rothe. Dude... misses the rothe. Dude... bites the rothe. The rothe misses Dude.... The rothe misses Dude.... The rothe misses Dude.... You lash the rothe. The rothe hits! The rothe bites! The rothe bites! You die... Do you want your possessions identified? [ynq] (y) q Inventory: Weapons e - 14 uncursed +0 arrows O - 9 uncursed rusty +0 crossbow bolts E - 6 cursed -2 darts a - a blessed +2 bullwhip (weapon in hand) Armor c - an uncursed +0 fedora (being worn) v - an uncursed +0 dwarvish cloak b - an uncursed +0 leather jacket (being worn) Comestibles d - 3 uncursed food rations R - an uncursed food ration S - an uncursed melon C - an uncursed sprig of wolfsbane Scrolls Q - an uncursed scroll of earth V - an uncursed scroll of fire Wands m - an uncursed wand of create monster (0:12) F - an uncursed wand of polymorph (0:5) Tools h - an uncursed sack containing 13 items j - an uncursed leash (attached to Dude...) k - an uncursed lock pick P - a cursed partly used tallow candle (lit) f - an uncursed tinning kit (0:91) Gems/Stones T - an uncursed amber stone l - an uncursed luckstone g - an uncursed touchstone Contents of the sack: 71 gold pieces an uncursed scroll of scare monster a cursed scroll of enchant weapon a blessed scroll of stinking cloud an uncursed scroll of blank paper an uncursed scroll of identify a cursed scroll of identify an uncursed potion of extra healing an uncursed potion of water an uncursed potion of speed an uncursed potion of confusion an uncursed potion of gain ability an uncursed +0 pick-axe Stenno the Archeologist's attributes: Background: You were a Field Worker, a level 4 female dwarven Archeologist. You were lawful, on a mission for Quetzalcoatl who was opposed by Camaxtli (neutral) and Huhetotl (chaotic). You were in the Gnomish Mines, on level 7. You entered the dungeon 1797 turns ago. You had 102 experience points, 58 more were needed to attain level 5. Basics: You had 0 out of 37 hit points. You had all 17 energy points (spell power). Your armor class was 9. Your wallet was empty, but you had 71 zorkmids stashed away in your pack. Autopickup was on for '$/=?!' plus thrown. Final Characteristics: Your strength was 13 (limit:18/100). Your dexterity was 9 (limit:20). Your constitution was 15 (limit:20). Your intelligence was 16 (limit:16). Your wisdom was 16 (limit:16). Your charisma was 7 (limit:16). Final Status: You were not hungry. You were unencumbered. You were wielding a whip. You had basic skill with whip. Final Attributes: You were devoutly aligned. You were poison resistant. You had infravision. You were stealthy. You were fast. You were lucky. You had extra luck. Bad luck did not time out for you. Good luck did not time out for you. You are dead. Miscellaneous: You disabled loading of bones levels. Total elapsed playing time was 12 minutes and 20 seconds. Major events: Turn 1: stenno the lawful female dwarven Archeologist entered the dungeon 1166: attained the rank of Field Worker (level 3) 1385: entered the Gnomish Mines 1797: killed by a rothe Vanquished creatures: a shrieker a gnome leader a gnomish wizard a giant ant a giant bat an orc zombie an iguana 3 acid blobs a hobbit a large kobold a hobgoblin a giant rat 2 yellow molds 8 gnomes a gecko 3 jackals a fox a sewer rat 6 grid bugs 2 lichens a kobold zombie 3 newts 42 creatures vanquished. No species were genocided or became extinct. Voluntary challenges: You followed a strict vegan diet. You were illiterate. You never engraved Elbereth. You never genocided any monsters. You never polymorphed an object. You never changed form. You used no wishes. Achievements: You entered a shop. You attained the rank of Field Worker. You entered the Gnomish Mines. The Dungeons of Doom: levels 1 to 5 Level 1: Level 2: A general store, a fountain. Level 3: A general store, an altar to Quetzalcoatl, a fountain, a grave. Level 4: Stairs down to The Gnomish Mines. Level 5: A sink. The Gnomish Mines: levels 5 to 7 Level 5: Level 6: Level 7: <- You were here. A fountain, a tree. Final resting place for you, killed by a rothe. Game over: ---------- / \ / REST \ / IN \ / PEACE \ / \ | stenno | | 71 Au | | killed by a | | rothe | | | | | | 2023 | *| * * * | * _________)/\\_//(\/(/\)/\//\/|_)_______ Goodbye stenno the Archeologist... You died in The Gnomish Mines on dungeon level 7 with 782 points, and 71 pieces of gold, after 1797 moves. You were level 4 with a maximum of 37 hit points when you died.